 Dungeon Crawl Stone Soup version 0.31-a0-152-g6aa68a64a1 (webtiles) character file.

Game seed: 13240897709742908071

63 Ijustatesigmund the Stinger (level 4, -1/28 HPs)
             Began as an Octopode Venom Mage on June 9, 2023.
             Killed by divine providence
             ... invoked by an orc priest
              (17 damage)
             ... on level 3 of the Dungeon.
             The game lasted 00:03:26 (2154 turns).

Ijustatesigmund the Stinger (Octopode Venom Mage)   Turns: 2154, Time: 00:03:28

Health: -1/28      AC:  1    Str:  7    XL:     4   Next: 10%
Magic:  5/8        EV: 13    Int: 19    God:
Gold:   97         SH:  0    Dex: 12    Spells: 5/8 levels left

rFire   + . .        b - +1 dagger
rCold   . . .        (no shield)
rNeg    . . .        (helmet restricted)
rPois   .            (no amulet)
rElec   .            d - ring of protection from fire
rCorr   .            (no ring)
SInv    .            (no ring)
Will    .....        (no ring)
Stlth   +++          (no ring)
HPRegen 0.24/turn    (no ring)
MPRegen 0.11/turn    (no ring)
                     (no ring)

%: no passive effects
@: no status effects
A: almost no armour, amphibious, 8 rings, camouflage 1, gelatinous body 1,
(nimble swimmer 1), tentacles
a: no special abilities


You were on level 3 of the Dungeon.
You visited 1 branch of the dungeon, and saw 3 of its levels.

You collected 97 gold pieces.

Inventory:

Hand Weapons
 b - a +1 dagger (weapon)
Missiles
 g - 2 throwing nets
Jewellery
 d - a ring of protection from fire (left tentacle)
Scrolls
 e - a scroll of enchant armour
Potions
 a - 3 potions of magic
 c - a potion of invisibility {unknown}
 f - a potion of haste {unknown}
 h - a potion of lignification {unknown}


   Skills:
 - Level 1.3 Fighting
 - Level 2.0 Dodging
 - Level 2.6 Stealth
 + Level 2.7 Spellcasting
 - Level 1.0 Transmutations
 + Level 1.1 Air Magic
 + Level 4.4 Poison Magic


You had 5 spell levels left.
You knew the following spells:

 Your Spells              Type           Power      Damage    Failure   Level
a - Sting                 Tmut/Pois      52%        1d5       4%          1
b - Poisonous Vapours     Pois/Air       26%        N/A       8%          2

Your spell library contained the following spells:

 Spells                   Type           Power      Damage    Failure   Level
 Mephitic Cloud           Conj/Pois/Air  9%         N/A       22%         3
 Olgreb's Toxic Radiance  Pois           19%        N/A       26%         4


Dungeon Overview and Level Annotations

Branches:
Dungeon (3/15)

Altars:


Innate Abilities, Weirdness & Mutations

You cannot wear most types of armour.
You are amphibious.
You can wear up to eight rings at the same time.
Your skin changes colour to match your surroundings (Stealth+).
Your rubbery body absorbs attacks. (AC +1, EV +1)
((You are camouflaged when in or above water. (Stealth+)))
You have tentacles for arms and can constrict up to eight enemies at once.


Message History

No target in view!
No target in view!
No target in view!
No target in view!
No target in view!
No target in view!
No target in view!
An orc comes into view. It is wielding a +0 dagger.
Casting: Poisonous Vapours (safe; 8% risk of failure)
Confirm with . or Enter, or press ? or * to list all spells.
Aiming: Poisonous Vapours (safe; 8% risk of failure)
Press: ? - help, Dir - move target, f - orc
Aim: an orc, wielding a +0 dagger (wandering, hasn't noticed you) Poisonous vapours surround the orc!
The orc is poisoned.
Casting: Poisonous Vapours (safe; 8% risk of failure)
Confirm with . or Enter, or press ? or * to list all spells.
Aiming: Poisonous Vapours (safe; 8% risk of failure)
Press: ? - help, Dir - move target, f/p - orc
Aim: an orc, wielding a +0 dagger (poisoned) Poisonous vapours surround the orc!
The orc looks even sicker.
An orc priest comes into view. It is wielding a +0 whip.
An orc comes into view. It is wielding a +0 short sword.
The orc shouts!
The orc priest shouts!
You hit the orc. You grab the orc.
The orc is almost dead.
You constrict the orc.
You kill the orc!
The orc priest invokes the aid of Beogh against you.
Beogh smites you!
You hit the orc. You grab the orc.
The orc is moderately wounded.
You constrict the orc, but do no damage.
The orc escapes!
You barely miss the orc. Your grab misses the orc.
The orc is moderately wounded.
The orc hits you but does no damage.
The orc priest invokes the aid of Beogh against you.
Beogh smites you!
Ouch! That really hurt!
You die...

........#....#
........#....
.$.....<.#.?.
##...........
+..?..<..... .
#........o. ..
#.........# ..#
#......†o@# ..#
#..?$...).#...#
#............#
###[..)...#...#
#.....)<###...#
#.#..#### ### .
#..# #..# #..#


You could see an orc priest and an orc.

Vanquished Creatures
  2 adders (D:2)
  3 orcs
  3 ball pythons
  4 endoplasms
  A giant cockroach (D:1)
  3 goblins
  2 hobgoblins
  3 jackals (D:1)
  4 kobolds
  2 quokkas (D:1)
  4 bats
  5 frilled lizards
  3 rats (D:2)
39 creatures vanquished.

Notes
Turn   | Place    | Note
-------+----------+-------------------------------------------
     0 | D:1      | Ijustatesigmund the Octopode Venom Mage began the quest for
                  | the Orb.
     0 | D:1      | Reached XP level 1. HP: 11/11 MP: 3/3
    85 | D:1      | Reached XP level 2. HP: 18/18 MP: 5/5
   217 | D:1      | Reached skill level 1 in Fighting
   285 | D:1      | Reached skill level 4 in Poison Magic
   853 | D:1      | Reached XP level 3. HP: 23/23 MP: 6/6
   856 | D:1      | Learned a level 2 spell: Poisonous Vapours
  1790 | D:2      | Reached skill level 1 in Air Magic
  1969 | D:3      | Reached XP level 4. HP: 26/28 MP: 4/8
  2154 | D:3      | Killed from afar by an orc priest

Illustrated notes

Levels and vault maps discovered:
D:1:      tarquinn_simple_flora_water_a, layout_loops_ring,
          nicolae_kite_square_tiling_tiny
D:2:      layout_basic
D:3:      layout_rooms, shapermc_ecumenical_altar_notcrosses,
          minmay_ogre_servants, uniq_sigmund, uniq_robin, uniq_terence

Skill      XL: |  1  2  3 |
---------------+----------+-----
Fighting       | 1 |  1.3
Poison Magic   | 4 |  4.4
Air Magic      | 1 |  1.1
Dodging        | |  2.0
Stealth        | |  2.6
Spellcasting   | |  2.7
Transmutations | |  1.0

Action                     |  1- 3 |  4- 6 || total
---------------------------+-------+-------++-------
  Melee: Dagger            |    65 |     8 ||    73
         Tentacles         |     9 |       ||     9
         Constrict         |     8 |     3 ||    11
   Cast: Sting             |     6 |       ||     6
         Poisonous Vapours |    12 |     4 ||    16
    Use: Scroll            |     4 |       ||     4
   Stab: Sleeping          |    12 |       ||    12
 Armour: Skin              |     6 |     1 ||     7
  Dodge: Dodged            |    38 |     4 ||    42

Table legend: (Time is in decaauts)
 A = Elapsed time spent in this place.
 B = Non-inter-level travel time spent in this place.
 C = Inter-level travel time spent in this place.
 D = Time resting spent in this place.
 E = Time spent auto-exploring this place.
 F = Levels seen in this place.
 G = Mean time per level.
                   A        B        C        D        E       F      G
               +--------+--------+--------+--------+--------+-----+--------+
         Total |   2153 |   2105 |     48 |    493 |   1352 |   3 |  717.7 |
       Dungeon |   2153 |   2105 |     48 |    493 |   1352 |   3 |  717.7 |
               +--------+--------+--------+--------+--------+-----+--------+

Top non-repeatable levels by time:
     D:1: 1135 daAuts
     D:2: 983 daAuts
     D:3: 35 daAuts
